Map: Oxide LE

Players

MarineLorD

  • Race: Terran Terran
  • League: Master

ShoWTimE - Winner!

  • Race: Protoss Protoss

Event: DreamHack SC2 Masters 2021 Winter

VOD

Have the link to the VOD?

Description

Time

  • Played on: Oct. 15, 2021, 1:14 p.m.
  • Length: 11:39

All games in this series

Show
View Real Time Build Order
Export as new Build Order

MarineLorD Terran 

Build Orders:  

Get SALT Encoding   

  12  0:00  SCV  
  13  0:12  SCV  
  14  0:17  Supply Depot  
  14  0:24  SCV  
  15  0:38  SCV  
  15  0:40  Barracks  
  16  0:44  Refinery  
  16  0:50  SCV  
  17  1:02  SCV  
  18  1:14  SCV  
  19  1:27  Marine, Orbital Command  
  20  1:44  Command Center  
  20  1:48  Barracks Reactor  
  20  1:53  SCV  
  21  2:00  Supply Depot  
  21  2:05  SCV  
  22  2:11  Factory  
  22  2:17  SCV  
  23  2:24  Marine x2  
  23  2:29  SCV  
  26  2:32  Refinery  
  26  2:41  SCV  
  26  2:42  Marine x2  
  29  2:53  SCV  
  29  2:56  Orbital Command  
  30  2:59  Starport  
  30  3:05  SCV  
  30  3:11  Widow Mine x2  
  35  3:18  SCV  
  36  3:23  SCV  
  37  3:28  Supply Depot  
  37  3:30  SCV  
  37  3:33  Widow Mine x2  
  42  3:35  SCV, Medivac  
  45  3:42  SCV  
  45  3:45  Supply Depot  
  46  3:50  SCV  
  46  3:52  Barracks Tech Lab  
  46  3:54  Widow Mine x2, SCV  
  52  3:59  Supply Depot  
  52  4:02  SCV  
  53  4:04  Supply Depot  
  53  4:06  SCV  
  54  4:14  SCV  
  54  4:16  Medivac  
  57  4:18  SCV  
  57  4:23  Command Center  
  58  4:26  Supply Depot, SCV  
  58  4:27  Marine  
  58  4:28  Marine  
  58  4:30  SCV  
  62  4:37  Siege Tank, Bunker  
  65  4:42  SCV  
  65  4:44  SCV, Marine  
  68  4:46  Marine  
  69  4:54  SCV  
  69  4:56  SCV  
  67  5:03  Starport Tech Lab  
  67  5:06  SCV  
  64  5:07  Refinery  
  64  5:08  SCV, Marine, Barracks  
  64  5:10  Marine, Barracks  
  68  5:14  Cyclone  
  68  5:18  SCV  
  68  5:20  SCV  
  68  5:21  Refinery  
  70  5:26  Marine  
  70  5:28  Marine  
  72  5:30  SCV, Engineering Bay  
  72  5:31  Engineering Bay  
  73  5:36  SCV  
  73  5:42  SCV, Orbital Command  
  75  5:44  Marine  
  75  5:45  Marine  
  73  5:51  SCV  
  72  6:02  Marine  
  72  6:03  Terran Infantry Weapons Level 1, Marine, Terran Infantry Armor Level 1  
  74  6:05  SCV x2  
  74  6:07  Stimpack, Combat Shield, Barracks x2  
  74  6:08  Marauder x2  
  74  6:10  Starport Reactor  
  74  6:11  Factory Reactor  
  80  6:14  Missile Turret  
  80  6:18  Missile Turret  
  80  6:20  SCV, Orbital Command  
  80  6:21  SCV  
  80  6:22  Marine x2  
  84  6:29  Marauder x2  
  84  6:32  SCV  
  89  6:33  SCV  
  90  6:44  SCV  
  90  6:45  SCV  
  92  6:48  Marine x2  
  92  6:49  SCV  
  92  6:50  Marauder, Medivac  
  101  6:57  Supply Depot  
  101  6:58  Supply Depot, SCV x2, Barracks Tech Lab, Barracks Reactor  
  101  7:05  SCV  
  101  7:10  SCV  
  101  7:15  SCV, Refinery, Marine  
  101  7:16  Marine  
  101  7:17  Refinery  
  101  7:18  Supply Depot, SCV  
  101  7:19  Marauder, Supply Depot, Medivac, Widow Mine x2  
  101  7:20  Marauder  
  101  7:22  SCV  
  110  7:24  Medivac  
  110  7:27  SCV  
  113  7:30  SCV  
  113  7:32  Armory  
  113  7:34  Missile Turret, SCV  
  115  7:39  Marauder, Marine x2  
  115  7:40  SCV  
  115  7:41  Marauder x2  
  115  7:42  SCV  
  125  7:45  Widow Mine x2  
  125  7:46  SCV  
  125  7:49  Medivac  
  132  7:52  SCV  
  133  8:03  Supply Depot x2  
  133  8:08  Supply Depot  
  133  8:11  Supply Depot  
  133  8:15  Ghost Academy  
  133  8:24  Supply Depot x2, Marine x4  
  133  8:25  Marauder x2, Widow Mine x2, SCV x3  
  148  8:30  Marauder, Medivac  
  148  8:32  Command Center  
  152  8:37  SCV x3  
  153  8:42  Marine x2  
  153  8:45  Marine  
  153  8:46  Marauder  
  157  8:49  Marine  
  157  8:52  SCV  
  157  8:53  Marauder, Marine  
  157  8:54  Medivac  
  162  9:00  Marine x2  
  162  9:01  Viking  
  166  9:02  Marine  
  166  9:07  Ghost  
  166  9:08  Terran Infantry Weapons Level 2  
  169  9:10  Terran Infantry Armor Level 2, Ghost  
  169  9:14  Ghost  
  173  9:18  Missile Turret  
  173  9:22  Widow Mine x2  
  177  9:24  Medivac  
  177  9:25  Terran Ship Weapons Level 1  
  177  9:26  Supply Depot  
  179  9:31  Medivac  
  181  9:43  Ghost  
  181  9:44  Widow Mine x2  
  181  9:45  Ghost x2  
  189  9:57  SCV x2  
  191  10:07  Marine x2  
  191  10:08  Barracks  
  191  10:10  Marine x2, Barracks x2  
  191  10:12  Ghost  
  191  10:13  Ghost  
  194  10:14  Marauder  
  195  10:24  Missile Turret  
  195  10:25  Marine  
  177  10:30  Marine x2  
  177  10:33  Marine  
  142  10:36  Marauder  
  142  10:37  Medivac x2  
  142  10:40  Ghost  
  142  10:42  SCV  
  141  10:43  Marauder, Marine  
  141  10:46  SCV  
  141  10:48  Marine x2  
  145  10:50  Widow Mine x2, Marine  
  145  10:55  SCV x2  
  149  10:57  Marauder  
  149  11:01  Marine  
  149  11:03  Ghost  
  152  11:06  Marine  
  152  11:08  SCV x3  
  152  11:09  Ghost  
  152  11:11  Barracks Tech Lab x3  
Show
View Real Time Build Order
Export as new Build Order

ShoWTimE Protoss - Winner!

Build Orders: 1 Gate Expand, Oracle Opening, Phoenix Opening, Zealot Archon 

Get SALT Encoding   

  12  0:00  Probe  
  13  0:12  Probe  
  14  0:16  Pylon  
  14  0:24  Probe  
  15  0:34  Gateway  
  15  0:36  Probe (Chrono Boost)  
  16  0:46  Assimilator, Probe (Chrono Boost)  
  17  0:51  Probe (Chrono Boost)  
  18  1:03  Probe  
  20  1:20  Nexus  
  20  1:23  Probe  
  20  1:33  Cybernetics Core  
  20  1:37  Probe  
  21  1:41  Assimilator  
  21  1:49  Probe  
  21  1:52  Pylon  
  22  2:02  Probe  
  22  2:07  Adept (Chrono Boost)  
  23  2:14  Probe  
  26  2:22  Stargate  
  26  2:28  Adept (Chrono Boost), Probe (Chrono Boost)  
  27  2:33  Probe (Chrono Boost)  
  30  2:37  Warp Gate  
  30  2:43  Probe x2 (Chrono Boost)  
  32  2:48  Probe (Chrono Boost)  
  32  2:50  Probe  
  34  2:53  Adept  
  36  2:59  Probe  
  36  3:02  Probe  
  36  3:05  Oracle (Chrono Boost)  
  38  3:11  Probe  
  42  3:14  Probe, Pylon  
  43  3:23  Probe  
  43  3:24  Adept  
  46  3:31  Gateway  
  46  3:32  Probe  
  47  3:35  Probe  
  47  3:37  Phoenix (Chrono Boost)  
  50  3:44  Probe  
  50  3:47  Probe  
  52  3:49  Pylon  
  52  3:54  Phoenix (Chrono Boost)  
  54  4:03  Nexus  
  54  4:08  Probe x2  
  56  4:10  Pylon  
  56  4:17  Phoenix (Chrono Boost)  
  56  4:20  Probe x2  
  60  4:25  Pylon  
  60  4:32  Probe  
  60  4:33  Probe  
  60  4:36  Assimilator  
  60  4:38  Assimilator  
  62  4:40  Phoenix  
  62  4:44  Probe  
  62  4:45  Probe  
  65  4:54  Shield Battery  
  65  4:56  Probe  
  65  4:57  Probe  
  66  5:07  Forge  
  66  5:08  Probe  
  66  5:09  Twilight Council, Probe  
  68  5:15  Probe  
  68  5:20  Probe  
  71  5:21  Probe, Charge, Pylon  
  71  5:26  Sentry  
  71  5:27  Probe  
  74  5:31  Gateway  
  74  5:32  Probe  
  74  5:33  Probe  
  76  5:38  Protoss Ground Armor Level 1 (Chrono Boost)  
  76  5:39  Probe  
  77  5:44  Probe  
  77  5:45  Probe  
  77  5:49  Pylon  
  79  5:51  Probe  
  79  5:54  Gateway  
  79  5:55  Gateway  
  79  5:56  Probe  
  81  5:57  Probe  
  83  6:05  Gateway, Templar Archives  
  83  6:07  Gateway  
  83  6:08  Probe  
  83  6:09  Probe  
  85  6:12  Gateway, Sentry  
  85  6:17  Pylon  
  86  6:21  Gateway  
  86  6:22  Zealot  
  86  6:24  Robotics Facility  
  86  6:25  Pylon  
  88  6:28  Probe  
  88  6:29  Probe, Pylon  
  88  6:31  Probe  
  88  6:32  Assimilator  
  91  6:34  Assimilator  
  91  6:44  High Templar  
  91  6:45  Zealot, High Templar  
  97  6:47  Probe  
  97  6:49  Archon  
  97  6:50  Pylon  
  97  6:54  Pylon  
  98  6:56  Zealot x2  
  102  7:03  Pylon  
  102  7:10  Zealot x4  
  110  7:18  Protoss Ground Weapons Level 1 (Chrono Boost)  
  110  7:21  Warp Prism  
  110  7:23  High Templar  
  110  7:24  Zealot x2, High Templar  
  110  7:26  Phoenix  
  110  7:29  Phoenix  
  120  7:32  Zealot x3  
  120  7:33  Archon  
  126  7:41  Zealot  
  128  7:46  High Templar x2  
  128  7:49  Blink  
  128  7:50  Archon  
  132  7:55  Zealot x3  
  132  7:56  Zealot x2, Pylon  
  132  7:57  Observer  
  143  8:00  Nexus  
  143  8:07  Robotics Bay  
  143  8:10  Pylon  
  143  8:18  Pylon  
  143  8:19  Zealot x8  
  159  8:30  Pylon x2  
  159  8:33  Pylon  
  159  8:35  Nexus  
  159  8:36  Probe  
  156  8:56  Colossus (Chrono Boost)  
  156  8:59  Protoss Ground Weapons Level 2 (Chrono Boost)  
  156  9:00  Extended Thermal Lance  
  162  9:03  Robotics Facility, Probe x2  
  162  9:04  Probe  
  162  9:06  Pylon  
  165  9:11  Forge  
  165  9:15  Probe  
  166  9:17  Stalker x6  
  166  9:20  Probe  
  179  9:24  Shield Battery  
  179  9:34  Colossus (Chrono Boost)  
  179  9:35  Zealot x3  
  191  9:47  Colossus (Chrono Boost)  
  193  10:13  High Templar x2  
  197  10:19  Zealot  
  197  10:20  Archon  
  181  10:28  Disruptor (Chrono Boost)  
  181  10:29  Colossus (Chrono Boost), Zealot x6  
  165  10:46  Stalker x3  
  171  10:51  Probe  
  171  10:52  Probe x3  
  171  11:01  Warp Prism (Chrono Boost)  
  171  11:02  Zealot x3, High Templar x3  
  171  11:03  Probe  
  171  11:04  Probe x3  
  184  11:06  Archon  
  185  11:12  Assimilator  
  185  11:14  Assimilator  
  185  11:16  Gateway, Probe x2  
  190  11:18  Gateway  
  188  11:27  Zealot x6  
  188  11:28  Gateway  

Tags
 
Add a new tag
Caveats
  • Supply blocks, unpowered buildings, or Contaminate may cause inaccurate times.
  • Supply counts are checked every 10 seconds.